 Dungeon Crawl Stone Soup version 0.28-a0-724-g66f9036eb4 (webtiles) character file.

Game seed: 4627518145091900405

28 pokeman the Magician (level 3, -1/20 HPs)
             Began as a Deep Elf Hedge Wizard on Oct 27, 2021.
             Slain by a jackal (2 damage)
             ... on level 2 of the Dungeon.
             The game lasted 00:01:45 (973 turns).

pokeman the Magician (Deep Elf Hedge Wizard)         Turns: 973, Time: 00:01:46

Health: -1/20      AC:  3    Str:  7    XL:     3   Next: 0%
Magic:  8/11       EV: 11    Int: 19    God:
Gold:   46         SH:  0    Dex: 14    Spells: 11/12 levels left

rFire   . . .      SeeInvis .   a - +0 dagger
rCold   . . .      Faith    .   (no shield)
rNeg    . . .      Spirit   .   h - +0 leather armour
rPois   .          Reflect  .   c - +0 hat
rElec   .          Harm     .   (no cloak)
rCorr   .          Rampage  .   (no gloves)
Will    .....                   (no boots)
Stlth   ++........              (no amulet)
HPRegen 0.06/turn               (no ring)
MPRegen 0.12/turn               (no ring)

@: no status effects
A: no striking features
a: no special abilities


You were on level 2 of the Dungeon.
You visited 1 branch of the dungeon, and saw 2 of its levels.

You collected 46 gold pieces.

Inventory:

Hand Weapons
 a - a +0 dagger (weapon)
Missiles
 e - 16 arrows
Armour
 c - a +0 hat (worn)
 h - a +0 leather armour (worn)
 j - a +0 cloak
Scrolls
 b - a scroll of noise {unknown}
 i - a scroll of enchant armour {unknown}
Potions
 d - a potion of curing {unknown}
 f - a potion of heal wounds {unknown}
 g - a potion of might {unknown}


   Skills:
 + Level 0.7 Fighting
 + Level 0.7 Armour
 - Level 2.4 Dodging
 - Level 2.4 Stealth
 * Level 5.1 Spellcasting
 + Level 1.7 Conjurations
 - Level 1.1 Summonings
 - Level 1.1 Translocations


You had 11 spell levels left.
You knew the following spells:

 Your Spells              Type           Power      Damage    Failure   Level
a - Magic Dart            Conj           44%        1d5       9%          1

Your spell library contained the following spells:

 Spells                   Type           Power      Damage    Failure   Level
 Blink                    Tloc           18%        N/A       17%         2
 Call Imp                 Summ           9%         N/A       17%         2
 Beastly Appendage        Tmut           8%         N/A       19%         1
 Slow                     Hex            4%         N/A       26%         2
 Wereblood                Tmut           4%         N/A       26%         2
 Conjure Flame            Conj/Fire      8%         6-21      36%         3
 Mephitic Cloud           Conj/Pois/Air  7%         N/A       38%         3
 Spider Form              Tmut/Pois      2%         N/A       47%         3


Dungeon Overview and Level Annotations

Branches:
Dungeon (2/15)

Altars:


Message History

You kill the jackal!
The jackal completely misses you. The jackal closely misses you.
Casting: Magic Dart (safe; 10% risk of failure)
Confirm with . or Enter, or press ? or * to list all spells.
Aiming: Magic Dart (safe; 10% risk of failure)
Press: ? - help, Shift-Dir - straight line, f - jackal
Aim: a jackal (100% to hit)
The magic dart hits the jackal.
You kill the jackal!
The jackal bites you.
* * * LOW HITPOINT WARNING * * *
The jackal bites you but does no damage.
You have reached level 3!
Your experience leads to an increase in your attributes!
Increase (S)trength, (I)ntelligence, or (D)exterity?
You feel clever.
You see here a jackal corpse.
The jackal bites you but does no damage.
The jackal completely misses you.
Found a scroll labelled FAHIOV ORPHA.
The jackal bites you but does no damage.
A hobgoblin comes into view.
The jackal barely misses you.
The hobgoblin shouts!
The dart slug launches a dart at you. The slug dart hits you.
* * * LOW HITPOINT WARNING * * *
The jackal bites you but does no damage.
The hobgoblin closely misses you.
The goblin shouts!
You hear a bark!
You hear an angry hiss.
The jackal misses you.
The hobgoblin hits you but does no damage.
A giant cockroach comes into view.
The jackal misses you. The jackal bites you.
* * * LOW HITPOINT WARNING * * *
You see here 6 javelins.
The goblin hits you but does no damage.
There is a stone staircase leading up here.
The jackal bites you.
You die...

#..# #..# #.#
#######..# #.# ##
#....J...# #.#..
#†######.# #.#.# ##<#
#.# #.#.#
#.)######.###...####.
#.......w..(g........
#########..gh@!###.
##.J#.## #..#.#
#..#.. #..#### #..#
..## ..#


You could see a dart slug, an endoplasm, a jackal, a hobgoblin and a goblin.

Vanquished Creatures
  2 dart slugs (D:1)
  2 bats (D:1)
  2 endoplasms (D:1)
  2 goblins
  3 hobgoblins (D:1)
  3 jackals
  A quokka (D:1)
  A ball python (D:1)
  2 frilled lizards (D:1)
  2 kobolds (D:1)
  2 rats (D:1)
22 creatures vanquished.

Notes
Turn   | Place    | Note
-------+----------+-------------------------------------------
     0 | D:1      | pokeman the Deep Elf Hedge Wizard began the quest for the
                  | Orb.
     0 | D:1      | Reached XP level 1. HP: 10/10 MP: 7/7
   236 | D:1      | Reached XP level 2. HP: 15/15 MP: 3/9
   299 | D:1      | Found a faded altar of an unknown god.
   803 | D:2      | Reached skill level 5 in Spellcasting
   957 | D:2      | Reached XP level 3. HP: 5/20 MP: 6/11
   970 | D:2      | HP: 1/20 [jackal (1)]
   973 | D:2      | Slain by a jackal

Illustrated notes

Levels and vault maps discovered:
D:1:      giann_bridges, layout_rooms, basic_ecumenical_altar, minmay_distorted
D:2:      layout_rooms, serial_shops, shop, minmay_bisected, uniq_natasha

Skill      XL: |  1  2 |
---------------+-------+-----
Spellcasting   | 5 |  5.1
Fighting       | |  0.7
Armour         | |  0.7
Dodging        | |  2.4
Stealth        | |  2.4
Conjurations   | |  1.7
Summonings     | |  1.1
Translocations | |  1.1

Action                   || total
-------------------------++-------
 Cast: Magic Dart        ||    61
Armor: Leather armour    ||    12
Dodge: Dodged            ||    23

Table legend: (Time is in decaauts)
 A = Elapsed time spent in this place.
 B = Non-inter-level travel time spent in this place.
 C = Inter-level travel time spent in this place.
 D = Time resting spent in this place.
 E = Time spent auto-exploring this place.
 F = Levels seen in this place.
 G = Mean time per level.
                   A        B        C        D        E       F      G
               +--------+--------+--------+--------+--------+-----+--------+
         Total |    976 |    932 |     44 |    162 |    615 |   2 |  488.0 |
       Dungeon |    976 |    932 |     44 |    162 |    615 |   2 |  488.0 |
               +--------+--------+--------+--------+--------+-----+--------+

Top non-repeatable levels by time:
     D:1: 909 daAuts
     D:2: 66 daAuts
